 Dungeon Crawl Stone Soup version 0.22.1-2-g9c5b331 (webtiles) character file.

144 MalarOregon the Insei (level 5, 0/38 HPs)
             Began as a Merfolk Transmuter on Nov 18, 2018.
             Slain by a river rat (6 damage)
             ... in a sewer.
             The game lasted 00:04:49 (2226 turns).

MalarOregon the Insei (Merfolk Transmuter)          Turns: 2226, Time: 00:04:50

Health: 0/38       AC:  2    Str: 11    XL:     5   Next: 26%
Magic:  1/8        EV: 16    Int: 13    God:
Gold:   91         SH:  4    Dex: 14    Spells: 3/9 levels left

rFire    . . .     SeeInvis .     - Unarmed
rCold    . . .     Gourm    .   f - +0 buckler
rNeg     . . .     Faith    .   b - +0 robe
rPois    .         Spirit   .   (no helmet)
rElec    .         Reflect  .   (no cloak)
rCorr    .         Harm     .   (no gloves)
MR       .....                  (boots currently unavailable)
Stlth    ++........             (no amulet)
HPRegen  0.12/turn              (no ring)
MPRegen  0.11/turn              (no ring)

@: very quick
A: change form in water, swift swim, stealthy swim
a: no special abilities


You were in a sewer.
You were not hungry.

You visited 1 branch of the dungeon, and saw 3 of its levels.
You also visited: Sewer.

You collected 91 gold pieces.

Inventory:

Hand Weapons
 c - a +2 trident of venom
   (You took it off an orc on level 3 of the Dungeon)
Missiles
 a - 44 arrows
 l - 11 poisoned needles
Armour
 b - a +0 robe (worn)
 f - a +0 buckler (worn)
   (You found it on level 1 of the Dungeon)
 j - a +0 shield
   (You took it off a hobgoblin on level 2 of the Dungeon)
Scrolls
 d - a scroll of fear {unknown}
 g - a scroll of noise {unknown}
 i - a scroll of immolation {unknown}
 k - a scroll of teleportation {unknown}
Potions
 h - 2 potions of brilliance {unknown}
Comestibles
 e - 4 rations {!d}
 m - a chunk of flesh


   Skills:
 + Level 2.2 Fighting
 + Level 0.6 Polearms
 + Level 1.1 Throwing
 + Level 3.6 Dodging
 + Level 1.1 Shields
 + Level 3.9 Unarmed Combat
 + Level 2.6 Spellcasting
 + Level 3.6 Transmutations
 + Level 0.5 Poison Magic


You had 3 spell levels left.
You knew the following spells:

 Your Spells              Type           Power        Failure   Level  Hunger
a - Beastly Appendage     Tmut           ##....       8%          1    #......
s - Sticks to Snakes      Tmut           ##......     12%         2    ###....
x - Spider Form           Tmut/Pois      #.........   41%         3    ###....

Your spell library contained the following spells:

 Spells                   Type           Power        Failure   Level  Hunger
 Ice Form                 Ice/Tmut       #.......     86%         4    #####..
 Blade Hands              Tmut           ##........   91%         5    ######.


Dungeon Overview and Level Annotations

Branches:
Dungeon (3/15)

Altars:
Trog


Message History

The river rat escapes!
You closely miss the river rat. Your headbutt misses the river rat.
The river rat barely misses you.
Your ball python barely misses the river rat.
Your ball python closely misses the river rat.
You hit the river rat but do no damage.
The river rat closely misses your ball python.
The river rat misses you.
Your ball python bites the river rat.
Your ball python grabs the river rat.
Your ball python constricts the river rat.
You hit the river rat.
You headbutt the river rat, but do no damage.
Your ball python bites the river rat but does no damage.
Your ball python constricts the river rat.
The river rat barely misses you.
You hit the river rat.
Your ball python bites the river rat.
Your ball python constricts the river rat.
The river rat barely misses you.
You barely miss the river rat. You headbutt the river rat.
Your ball python bites the river rat but does no damage.
Your ball python constricts the river rat.
The river rat barely misses you. The river rat misses you.
You hit the river rat.
You kill the river rat!
Your horns disappear.
The river rat barely misses you.
You create a snake!
You now have 44 arrows.
You block the river rat's attack.
Your ball python misses the river rat. x2
You hit the river rat but do no damage. The river rat barely misses you.
You hit the river rat.
Your ball python bites the river rat but does no damage.
Your ball python barely misses the river rat.
Your ball python bites the river rat but does no damage.
Your ball python barely misses the river rat.
The river rat closely misses you.
You barely miss the river rat.
Your tail-slap misses the river rat.
Your ball python bites the river rat.
Your ball python grabs the river rat.
Your ball python constricts the river rat.
The rat barely misses your ball python.
Your ball python barely misses the river rat.
You block the river rat's attack.
Your ball python bites the river rat but does no damage.
Your ball python constricts the river rat.
You hit the river rat.
Your ball python bites the river rat but does no damage.
The rat closely misses your ball python.
Your ball python bites the river rat.
Your ball python constricts the river rat.
The river rat bites you.
You die...

≈r≈≈# #≈≈≈≈≈≈#
≈≈≈≈# #≈≈≈#≈≈#
rS≈≈# #≈≈≈≈≈≈#
≈≈†≈# #≈≈≈≈.≈#
#≈≈≈# #≈≈#≈≈≈#
≈≈≈≈# #≈.≈#≈≈#
≈≈≈S# #≈≈≈≈≈≈#
#≈≈≈# #≈≈≈≈≈≈#
≈≈≈r# #≈≈≈†S@#
≈≈S≈# #≈≈≈≈Sr#
≈≈≈≈# #≈≈≈r≈≈#
.≈≈## ##≈≈≈≈.#
...S## ##......#
.....##
##......##
......###.......#
.......r.......##
###.........####


You could see a river rat, a rat and 2 friendly ball pythons.

Vanquished Creatures
  A crimson imp (D:2)
  2 adders (D:2)
  3 river rats (Sewer)
  An ooze (D:1)
  A dart slug (D:1)
  2 leopard geckos (D:3)
  An orc (D:3)
  2 ball pythons (Sewer)
  3 bats
  5 giant cockroaches
  6 goblins
  4 hobgoblins (D:2)
  3 jackals (D:2)
  2 kobolds
  2 quokkas (D:2)
  2 frilled lizards
  8 rats
48 creatures vanquished.

Vanquished Creatures (collateral kills)
  A river rat (Sewer)
1 creature vanquished.

Grand Total: 49 creatures vanquished

Notes
Turn   | Place    | Note
-------+----------+-------------------------------------------
     0 | D:1      | MalarOregon the Merfolk Transmuter began the quest for the
                  | Orb.
     0 | D:1      | Reached XP level 1. HP: 15/15 MP: 3/3
    81 | D:1      | Reached XP level 2. HP: 21/21 MP: 3/5
   615 | D:2      | Noticed a crimson imp
   634 | D:2      | Reached XP level 3. HP: 13/26 MP: 6/6
  1026 | D:2      | Found a bloodstained altar of Trog.
  1524 | D:2      | Reached skill level 1 in Throwing
  1524 | D:2      | Reached XP level 4. HP: 27/33 MP: 7/7
  1713 | D:2      | Learned a level 2 spell: Sticks to Snakes
  1717 | D:2      | Learned a level 3 spell: Spider Form
  1883 | D:3      | Found a glowing drain.
  2015 | Sewer    | Entered a sewer
  2039 | Sewer    | Reached skill level 1 in Shields
  2041 | Sewer    | Reached XP level 5. HP: 26/38 MP: 8/8
  2226 | Sewer    | Slain by a river rat

Skill      XL: |  1  2  3  4 |
---------------+-------------+-----
Dodging        | 3 |  3.6
Transmutations | 3 |  3.6
Fighting       | 2 |  2.2
Throwing       | 1 |  1.1
Shields        | 1 |  1.1
Polearms       | |  0.6
Unarmed Combat | |  3.9
Spellcasting   | |  2.6
Poison Magic   | |  0.5

Action                   |  1- 3 |  4- 6 || total
-------------------------+-------+-------++-------
Melee: Unarmed           |   127 |    83 ||   210
       Headbutt          |    11 |     8 ||    19
       Tailslap          |       |     4 ||     4
 Cast: Beastly Appendage |    20 |     6 ||    26
       Sticks to Snakes  |       |     5 ||     5
  Eat: Chunk             |     2 |     3 ||     5
Armor: Robe              |    15 |    12 ||    27
Dodge: Dodged            |    64 |    75 ||   139
Block: Buckler           |    14 |    18 ||    32
